[Event "Early-Titled-Tuesday-Blitz-March-26-2024"]
[Site "Chess.com"]
[Date "2024.03.26"]
[Round "4"]
[White "PapaieDudu"]
[Black "AnaKuchava"]
[Result "1-0"]
[WhiteElo "2452"]
[BlackElo "2137"]
[TimeControl "180+1"]
[EndTime "8:37:18 PDT"]
[Termination "PapaieDudu won by resignation"]

1. Nf3 d5 2. d4 Nf6 3. c4 e6 4.
Nc3 Be7 5. Bg5 O-O 6. e3 h6 7.
Bh4 b6 8. Bd3 Bb7 9. O-O Nbd7 10. Qe2 c5 11. Rfd1 cxd4 12. exd4 Rc8 13. Rac1 a6 14.
cxd5 Nxd5 15. Bxe7 Qxe7 16. Bxa6 Nxc3 17. Rxc3 Bxa6 18. Qxa6 Ra8 19. Qc4 Rfc8 20. Qb3 Rxc3 21. bxc3 Qa3 22. Qb5 Ra7 23. h3 Qxc3 24. d5 exd5 25.
Rxd5 Qc1+ 26. Kh2 Qf4+ 27. Kh1 Qc1+ 28. Ng1 Nf6 29. Rd8+ Kh7 30. Qf5+ g6 31. Qxf6 1-0

[Event "Early-Titled-Tuesday-Blitz-March-26-2024"]
[Site "Chess.com"]
[Date "2024.03.26"]
[Round "4"]
[White "PeshkaCh"]
[Black "nabukatnezarr"]
[Result "1-0"]
[WhiteElo "2854"]
[BlackElo "2591"]
[TimeControl "180+1"]
[EndTime "8:37:20 PDT"]
[Termination "PeshkaCh won by resignation"]

1. Nf3 Nf6 2. d4 e6 3. c4 c5 4. g3 cxd4 5. Nxd4 d5 6. Bg2 e5 7. Nf3 d4 8. O-O Nc6 9. a3 Bd6 10.
e3 d3 11. Nc3 Qe7 12. Nd5 Nxd5 13. cxd5 Nd8 14. e4 O-O 15. Qxd3 f5 16. Nd2 f4 17.
Nc4 Bg4 18. Bd2 f3 19. Bh1 Nf7 20. Bxf3 Bxf3 21. Qxf3 Qc7 22. Qb3 b5 23. Qxb5 Rfc8 24. Rac1 Rab8 25. Nxd6 Qxd6 26. Rxc8+ Rxc8 27. Rc1 Rxc1+ 28. Bxc1 h6 29. Qe8+ Qf8 30. Qxf8+ Kxf8 31. Be3 1-0

[Event "Early-Titled-Tuesday-Blitz-March-26-2024"]
[Site "Chess.com"]
[Date "2024.03.26"]
[Round "4"]
[White "nikitakhoroshev"]
[Black "balack95"]
[Result "0-1"]
[WhiteElo "2653"]
[BlackElo "2448"]
[TimeControl "180+1"]
[EndTime "8:37:20 PDT"]
[Termination "balack95 won by checkmate"]

1. e4 c5 2. Nf3 e6 3. b3 a6 4. c4 Nc6 5. Bb2 Nf6 6. e5 Ng4 7.
h3 Nh6 8. Nc3 d5 9. exd6 Bxd6 10. Ne4 O-O 11. Be2 Be7 12. O-O Nf5 13. a4 b6 14. Re1 Bb7 15. Qc2 Ncd4 16. Nxd4 Nxd4 17. Bxd4 cxd4 18. d3 Bb4 19. Red1 f5 20. Ng3 e5 21.
Bf3 Bxf3 22. gxf3 Qh4 23. Kh2 Rf6 24. Qe2 Rh6 25. Qf1 Qf4 26. Ra2 Rf8 27. Qg2 Rh4 28. Re2 Rf6 29. Rh1 Rfh6 30. Kg1 Qc1+ 31. Nf1 Rg6 32. Qxg6 hxg6 33. Rxe5 Qf4 34. Re6 Qg5+ 35. Kh2 Qh5 36. Kg2 Rf4 37. Nh2 Qg5+ 38. Kf1 Bc5 39. Rg1 Qh5 40. Rexg6 Qxh3+ 41. R1g2 Bf8 42. Rg3 Qh6 43.
Ke2 Rh4 44. Nf1 Qc1 45. Nd2 Rh1 46. f4 Qd1# 0-1

[Event "Early-Titled-Tuesday-Blitz-March-26-2024"]
[Site "Chess.com"]
[Date "2024.03.26"]
[Round "4"]
[White "N_I_Chess"]
[Black "abelmat"]
[Result "1-0"]
[WhiteElo "2323"]
[BlackElo "2079"]
[TimeControl "180+1"]
[EndTime "8:37:21 PDT"]
[Termination "N_I_Chess won by checkmate"]

1. d4 d5 2. c4 e6 3. Nc3 Nf6 4. cxd5 exd5 5. Bg5 Be7 6. e3 O-O 7. Bd3 Bg4 8. Qc2 Nbd7 9. Nge2 c6 10. O-O Bh5 11. f3 Bg6 12. e4 dxe4 13. fxe4 Ng4 14. Bxe7 Qxe7 15. Qd2 Rad8 16. h3 Ngf6 17. e5 Ne8 18. Bxg6 hxg6 19. Qe3 Nc7 20. Ne4 Nd5 21. Qg3 Rfe8 22. Nd6 N7b6 23. Nxb7 Qxb7 24. Rac1 Rd7 25. Rf2 Red8 26. a3 Na4 27. e6 fxe6 28. Qxg6 Re7 29. Ng3 Nxb2 30. Rb1 Qb3 31. Rfxb2 Qxa3 32. Rb8 Qd6 33.
R8b7 Rdd7 34. Rxd7 Rxd7 35. Ne4 Qf8 36. Ng5 Ne3 37. Qh7# 1-0

[Event "Early-Titled-Tuesday-Blitz-March-26-2024"]
[Site "Chess.com"]
[Date "2024.03.26"]
[Round "4"]
[White "Kostukov_Alex"]
[Black "GMT4114"]
[Result "1-0"]
[WhiteElo "2272"]
[BlackElo "1969"]
[TimeControl "180+1"]
[EndTime "8:37:21 PDT"]
[Termination "Kostukov_Alex won by resignation"]

1. g3 f5 2. d4 Nf6 3. Bg2 e6 4. c4 d6 5. Nf3 Be7 6. O-O O-O 7.
Nc3 Ne4 8. Qc2 Nxc3 9. Qxc3 a5 10. c5 Bf6 11. Bf4 Nc6 12. cxd6 cxd6 13. Rfd1 Nb4 14. Qb3 Kh8 15. h4 Qe7 16. Rac1 h6 17. h5 e5 18.
dxe5 dxe5 19. Be3 Be6 20. Qa4 Nc6 21. Bc5 Qf7 22. Bxf8 Rxf8 23. Rxc6 bxc6 24. Qxa5 Bxa2 25. Nxe5 Qe6 26. Ng6+ 1-0

[Event "Early-Titled-Tuesday-Blitz-March-26-2024"]
[Site "Chess.com"]
[Date "2024.03.26"]
[Round "4"]
[White "Kirill_Klukin"]
[Black "Msb2"]
[Result "0-1"]
[WhiteElo "2843"]
[BlackElo "3042"]
[TimeControl "180+1"]
[EndTime "8:37:24 PDT"]
[Termination "Msb2 won on time"]

1. Nf3 d5 2. e3 Nf6 3. c4 e6 4. b3 Bd6 5. Bb2 O-O 6. Nc3 c5 7.
cxd5 exd5 8. d4 Nc6 9. Be2 cxd4 10. Nxd4 Nxd4 11. Qxd4 Re8 12. O-O Be5 13. Qd3 Bg4 14.
Rad1 Rc8 15. Bxg4 Nxg4 16. h3 Nf6 17. Rd2 Qa5 18. Ne2 Ne4 19. Rc2 Rxc2 20. Qxc2 Qxa2 21.
Rb1 h6 22. Nc1 Qa6 23. Bxe5 Rxe5 24. Nd3 Re8 25. Nf4 Qc6 26. Qd3 Nf6 27. Rd1 Rd8 28. Qd4 Qb6 29. Qxb6 axb6 30. Rd4 g5 31. Nd3 Rc8 32.
Rb4 Rc3 33. Ne5 Ne4 34. Rxb6 Rc1+ 35. Kh2 Nxf2 36. Rxb7 h5 37. Kg3 Ne4+ 38. Kf3 Rc2 39. Nd3 Rd2 0-1

[Event "Early-Titled-Tuesday-Blitz-March-26-2024"]
[Site "Chess.com"]
[Date "2024.03.26"]
[Round "4"]
[White "PepeCuenca"]
[Black "a-z30"]
[Result "1-0"]
[WhiteElo "2745"]
[BlackElo "2436"]
[TimeControl "180+1"]
[EndTime "8:37:24 PDT"]
[Termination "PepeCuenca won on time"]

1. d4 d6 2. e4 Nf6 3. Nc3 g6 4. Bf4 Bg7 5. Qd2 O-O 6. O-O-O Nc6 7. f3 Rb8 8. Kb1 Nd7 9. Bh6 Bxd4 10. Bxf8 Kxf8 11.
h4 Bg7 12. h5 Kg8 13. hxg6 hxg6 14. g4 Nde5 15. g5 Be6 16. Nd5 b5 17. f4 Nc4 18.
Bxc4 bxc4 19. c3 Rb5 20. Nf3 Bg4 21. Rdf1 e6 22. Ne3 Bxf3 23. Rxf3 Qb8 24. Rfh3 Nb4 25.
Qh2 Kf8 26. Rh8+ Bxh8 27. Qxh8+ Ke7 28. Qf6+ Kd7 29. Qxf7+ Kc6 30. Qxe6 Nd3 31. Qxc4+ 1-0

[Event "Early-Titled-Tuesday-Blitz-March-26-2024"]
[Site "Chess.com"]
[Date "2024.03.26"]
[Round "4"]
[White "CURRUTACO59"]
[Black "gorgeous1083"]
[Result "0-1"]
[WhiteElo "2278"]
[BlackElo "2044"]
[TimeControl "180+1"]
[EndTime "8:37:24 PDT"]
[Termination "gorgeous1083 won on time"]

1. Nf3 d5 2. d4 Nf6 3. c4 e6 4.
Nc3 Be7 5. Bg5 O-O 6. e3 c6 7.
Rc1 Nbd7 8. a3 h6 9. Bh4 a5 10. Bd3 dxc4 11. Bxc4 b5 12. Bd3 b4 13. axb4 axb4 14.
Ne2 c5 15. O-O Qb6 16. e4 Bb7 17. e5 Nd5 18. Bxe7 Nxe7 19. Ng3 Rfd8 20. Be4 Nd5 21. dxc5 Nxc5 22. Qe2 Ba6 23. Qc2 Nxe4 24. Nxe4 Bxf1 25. Rxf1 Rac8 26. Qb1 b3 27. Nd6 Rxd6 28. exd6 Qxd6 29. Qd3 Qb4 30. g3 Qc4 31. Qd2 Qc2 32. Qd4 Rc4 33.
Qe5 Nb4 34. h4 Nd3 35. Qb8+ Kh7 0-1

[Event "Early-Titled-Tuesday-Blitz-March-26-2024"]
[Site "Chess.com"]
[Date "2024.03.26"]
[Round "4"]
[White "Witik"]
[Black "Russian_berezka"]
[Result "0-1"]
[WhiteElo "2745"]
[BlackElo "2571"]
[TimeControl "180+1"]
[EndTime "8:37:26 PDT"]
[Termination "Russian_berezka won on time"]

1. d4 g6 2. e4 Bg7 3. Nf3 d5 4. exd5 Qxd5 5. Nc3 Qd8 6. Bc4 Nf6 7. O-O O-O 8. h3 Nbd7 9. Re1 Nb6 10. Bb3 c6 11. Bg5 Nbd5 12. Ne5 Be6 13. Qd2 Nc7 14. Bh6 Bxb3 15.
Bxg7 Kxg7 16. axb3 Ncd5 17. Ne2 a6 18. Ng3 Qd6 19.
Qg5 e6 20. Rad1 h6 21. Qc1 Ne7 22. c4 Rad8 23. Qc3 Nf5 24. Nxf5+ exf5 25. d5 cxd5 26. cxd5 Rfe8 27. Nc4 Rxe1+ 28. Qxe1 Qc5 29. d6 b5 30. Qe5 Qc6 31. Ne3 Re8 32. Qd4 Re4 33. Qa7 Nd7 34.
Nd5 Qc2 35. Nc3 b4 36. Qxd7 bxc3 37. Rf1 cxb2 38. Qc7 b1=Q 39. Rxb1 Qxb1+ 40. Kh2 Qd3 41. d7 Rd4 42. Qe5+ Kh7 0-1

[Event "Early-Titled-Tuesday-Blitz-March-26-2024"]
[Site "Chess.com"]
[Date "2024.03.26"]
[Round "4"]
[White "Manukyan_Artak"]
[Black "ernestina08chess"]
[Result "1-0"]
[WhiteElo "2467"]
[BlackElo "2234"]
[TimeControl "180+1"]
[EndTime "8:37:26 PDT"]
[Termination "Manukyan_Artak won by resignation"]

1. e4 c5 2. Nf3 d6 3. Bb5+ Nd7 4. O-O a6 5. Bd3 Ngf6 6. Re1 e6 7. c3 b5 8. Bc2 Be7 9. d4 Bb7 10. e5 dxe5 11. dxe5 Nd5 12. Nbd2 O-O 13. Ne4 c4 14. Bg5 Re8 15. Nd6 Bxg5 16. Nxe8 Qxe8 17. Nxg5 g6 18. Qg4 Kg7 19. h4 h5 20. Qg3 b4 21. Ne4 Qe7 22.
Nd6 Bc6 23. Rad1 bxc3 24. bxc3 Bb5 25. a4 Bc6 26. Nxc4 Nc5 27. Ne3 Nxc3 28. Rc1 N3e4 29.
Bxe4 Nxe4 30. Qf4 Bb7 31. Nc4 Rd8 32. Rxe4 Bxe4 33. Qxe4 Qc5 34. Qe3 Qb4 35. Nd6 Rd7 36. Ne8+ Kf8 37. Nf6 Kg7 38. Nxd7 1-0

[Event "Early-Titled-Tuesday-Blitz-March-26-2024"]
[Site "Chess.com"]
[Date "2024.03.26"]
[Round "4"]
[White "CADMartin"]
[Black "lluiss"]
[Result "1-0"]
[WhiteElo "2468"]
[BlackElo "2221"]
[TimeControl "180+1"]
[EndTime "8:37:27 PDT"]
[Termination "CADMartin won on time"]

1. e4 e6 2. d4 d5 3. exd5 exd5 4.
Nf3 Bd6 5. Bd3 Bg4 6. h3 Bh5 7. O-O Ne7 8. Nc3 Bg6 9. Bg5 f6 10. Bxg6+ hxg6 11. Bd2 c6 12. Qe2 Qd7 13. Na4 Na6 14.
a3 O-O 15. b4 Rfe8 16. Qd3 Nc7 17. c4 dxc4 18. Qxc4+ Ncd5 19. Nc5 Bxc5 20. dxc5 Kh7 21. Rad1 Nf5 22. Rfe1 Rxe1+ 23. Rxe1 Re8 24. Rd1 Qe6 25. Re1 Qd7 26. Re4 Rxe4 27. Qxe4 Qe7 28.
Qxe7 Ndxe7 29. g4 Nh6 30. Nd4 Nf7 31. Ne6 g5 32. Kg2 Nd5 33. Kf3 Kg6 34. Nf8+ Kh6 35. Ke4 g6 36. h4 Kg7 37. Ne6+ Kg8 38. hxg5 fxg5 39. Nxg5 Nd8 40. Ke5 Nf7+ 41. Ke6 Nd8+ 42. Kd7 Nf7 43. Nxf7 Kxf7 44. Kc8 1-0

[Event "Early-Titled-Tuesday-Blitz-March-26-2024"]
[Site "Chess.com"]
[Date "2024.03.26"]
[Round "4"]
[White "Zapateado"]
[Black "vladgoncharov"]
[Result "0-1"]
[WhiteElo "2407"]
[BlackElo "2608"]
[TimeControl "180+1"]
[EndTime "8:37:28 PDT"]
[Termination "vladgoncharov won on time"]

1. c4 Nf6 2. Nc3 c5 3. g3 Nc6 4. Bg2 g6 5. e4 Bg7 6. Nge2 O-O 7.
O-O Ne8 8. d3 Nc7 9. Be3 Ne6 10.
a3 d6 11. Rb1 a5 12. Nd5 Ned4 13. b4 axb4 14. axb4 b6 15. b5 Nxe2+ 16. Qxe2 Nd4 17.
Bxd4 Bxd4 18. h3 Ra3 19. Kh2 e6 20. Ne3 Bd7 21. Nc2 Ra2 22. Nxd4 Rxe2 23. Nxe2 Qf6 24. Ra1 Qb2 25. Nf4 f6 26. Ra7 Rf7 27. Rb7 e5 28. Nd5 Be6 29. Rxb6 Bxd5 30. exd5 Rd7 31. Ra6 Kf7 32. Rfa1 Qxf2 0-1

[Event "Early-Titled-Tuesday-Blitz-March-26-2024"]
[Site "Chess.com"]
[Date "2024.03.26"]
[Round "4"]
[White "vasblesk"]
[Black "bazar-wokzal"]
[Result "1-0"]
[WhiteElo "2790"]
[BlackElo "2562"]
[TimeControl "180+1"]
[EndTime "8:37:32 PDT"]
[Termination "vasblesk won by resignation"]

1. d4 Nf6 2. c4 Nc6 3. Nf3 e6 4. Nc3 Bb4 5. Bg5 h6 6. Bxf6 Bxc3+ 7. bxc3 Qxf6 8. e4 d6 9. Qd2 e5 10. h3 O-O 11. Be2 b6 12. O-O Na5 13. c5 Bb7 14.
cxd6 cxd6 15. d5 Rac8 16. Rac1 Rc5 17. Ne1 Rfc8 18. Nd3 R5c7 19. Bg4 Rf8 20. f4 Nc4 21. Qe2 exf4 22. Rxf4 Qe7 23. Rcf1 Ba6 24. Nb4 Bb5 25. Be6 Na3 26. Rxf7 Bxe2 27. Rxe7+ Kh7 28. Rxf8 Rxe7 29. Rc8 Nb1 30. Nc6 Rb7 31. Nd8 Re7 32. Nf7 Ba6 33. Rh8+ Kg6 34. Nxd6 Nxc3 35. Nf5 Rxe6 36.
dxe6 Nxe4 37. e7 Bb5 38. Nd4 Bd7 39. e8=Q+ Bxe8 40. Rxe8 Nf6 41. Ra8 1-0

[Event "Early-Titled-Tuesday-Blitz-March-26-2024"]
[Site "Chess.com"]
[Date "2024.03.26"]
[Round "4"]
[White "Flaccidmoves"]
[Black "frequentblunders"]
[Result "1-0"]
[WhiteElo "2454"]
[BlackElo "2183"]
[TimeControl "180+1"]
[EndTime "8:37:32 PDT"]
[Termination "Flaccidmoves won on time"]

1. d4 e6 2. e4 c5 3. Nc3 cxd4 4. Qxd4 Nc6 5. Qe3 Nf6 6. Bd3 d5 7. exd5 Nxd5 8. Nxd5 Qxd5 9. Nf3 Bc5 10. Qf4 e5 11. Qg5 O-O 12. O-O Be6 13. Rd1 e4 14. Be2 Qxg5 15. Nxg5 Bf5 16. Rd5 Nd4 17. Rxc5 Nxe2+ 18. Kf1 Bg4 19. h3 Bh5 20. g4 Rac8 21. Rxc8 Rxc8 22.
Kxe2 Bg6 23. h4 h6 24. Nh3 Rxc2+ 25. Ke3 f5 26. Nf4 Bh7 27. g5 hxg5 28. hxg5 g6 29.
Bd2 Rxb2 30. Rc1 Rxa2 31. Rc8+ Kg7 32. Rc7+ Kf8 33. Rxh7 Ra3+ 34. Kd4 Rf3 35. Ke5 Rxf2 36. Bb4+ Ke8 37. Ne6 1-0

[Event "Early-Titled-Tuesday-Blitz-March-26-2024"]
[Site "Chess.com"]
[Date "2024.03.26"]
[Round "4"]
[White "KNVB"]
[Black "Kazmin_Semyon"]
[Result "0-1"]
[WhiteElo "2777"]
[BlackElo "2581"]
[TimeControl "180+1"]
[EndTime "8:37:33 PDT"]
[Termination "Kazmin_Semyon won on time"]

1. e4 e6 2. f4 d5 3. Nc3 d4 4. Nce2 c5 5. Ng3 Nc6 6. Bb5 Qb6 7. a4 a6 8. Bxc6+ Qxc6 9. d3 Nf6 10. Nf3 h5 11. a5 h4 12. Nf1 h3 13. g3 Ng4 14. Ne5 Nxe5 15. fxe5 Qc7 16. Bf4 Bd7 17. Nd2 Bb5 18. b3 Be7 19. Nf3 O-O-O 20. Qd2 Qc6 21. O-O f6 22. g4 Rdg8 23. Rae1 Bd8 24. Bg3 Qe8 0-1

[Event "Early-Titled-Tuesday-Blitz-March-26-2024"]
[Site "Chess.com"]
[Date "2024.03.26"]
[Round "4"]
[White "Meri-Arabidze"]
[Black "MikeSailer"]
[Result "1-0"]
[WhiteElo "2674"]
[BlackElo "2092"]
[TimeControl "180+1"]
[EndTime "8:37:33 PDT"]
[Termination "Meri-Arabidze won on time"]

1. d4 d5 2. Nf3 Bf5 3. c4 e6 4.
Qb3 Nc6 5. a3 Rb8 6. cxd5 exd5 7.
Nc3 Nf6 8. Bg5 Be6 9. e3 Be7 10.
Bd3 O-O 11. O-O h6 12. Bh4 Na5 13. Qa4 c6 14. Ne5 a6 15. Rac1 b5 16. Qc2 Rc8 17.
Qe2 Nc4 18. f4 c5 19. Kh1 Nd6 20. dxc5 Rxc5 21. b4 Rc8 22. f5 d4 23. exd4 Bb3 24.
Rfe1 Re8 25. Qb2 Bc4 26. Bb1 Nd5 27. Bxe7 Rxe7 28. Nxd5 Bxd5 29. f6 gxf6 30. Ng4 Rxe1+ 31. Rxe1 Kg7 32. Qd2 Qh8 33. Qf4 Nc4 34. Qxf6+ 1-0

[Event "Early-Titled-Tuesday-Blitz-March-26-2024"]
[Site "Chess.com"]
[Date "2024.03.26"]
[Round "4"]
[White "TatjanaVasilevich"]
[Black "amylazy"]
[Result "1-0"]
[WhiteElo "2613"]
[BlackElo "2411"]
[TimeControl "180+1"]
[EndTime "8:37:36 PDT"]
[Termination "TatjanaVasilevich won by resignation"]

1. d4 Nf6 2. c4 g6 3. Nc3 d5 4. cxd5 Nxd5 5. e4 Nxc3 6. bxc3 Bg7 7. Nf3 c5 8. Be2 Nc6 9. Be3 O-O 10. O-O cxd4 11. cxd4 Bg4 12. d5 Bxf3 13. Bxf3 Ne5 14. Be2 Rc8 15. Qb3 b6 16. f4 Nd7 17. Rac1 Nc5 18.
Qc4 Qd7 19. e5 Rfd8 20. Rfd1 Qf5 21. g4 Qe4 22. Qxe4 Nxe4 23. Bf3 Nc3 24. Rd2 f6 25. Rdc2 fxe5 26. fxe5 Bxe5 27. Bd2 Ne2+ 28. Bxe2 Rxc2 29.
Rxc2 Kg7 30. Bf3 Bd4+ 31. Kg2 Bc5 32. Bc3+ Kh6 33. h4 g5 34. Bd2 Kg7 35. Bxg5 Rf8 36.
Rxc5 bxc5 37. Bxe7 Rb8 38. Bxc5 Rb2+ 39. Kg3 Rxa2 40.
d6 a5 41. Bd4+ Kf7 42. Bd5+ Ke8 43. Bxa2 Kd7 44. Bc5 1-0

[Event "Early-Titled-Tuesday-Blitz-March-26-2024"]
[Site "Chess.com"]
[Date "2024.03.26"]
[Round "4"]
[White "masnyszachistaaa"]
[Black "GMG"]
[Result "1-0"]
[WhiteElo "2585"]
[BlackElo "2785"]
[TimeControl "180+1"]
[EndTime "8:37:37 PDT"]
[Termination "masnyszachistaaa won on time"]

1. Nf3 d5 2. g3 c6 3. Bg2 Bg4 4. O-O Nd7 5. d3 e5 6. Nbd2 Ngf6 7. h3 Bh5 8. e4 dxe4 9. dxe4 b5 10. Qe1 Bc5 11. Nh4 O-O 12. Nf5 a5 13. a4 Bg6 14.
Nb3 Bb6 15. Qe2 b4 16. Rd1 Qc7 17. Qc4 Bxf5 18. exf5 Qa7 19. Rf1 Rac8 20. Bg5 Rfe8 21. Rae1 h6 22. Be3 Nd5 23. Bxd5 cxd5 24. Qxd5 Rxc2 25.
Bxb6 Nxb6 26. Qb5 Ra8 27. Qxe5 Nc4 28. Qe4 1-0

[Event "Early-Titled-Tuesday-Blitz-March-26-2024"]
[Site "Chess.com"]
[Date "2024.03.26"]
[Round "4"]
[White "Kacparov"]
[Black "KetiTsatsalashvili"]
[Result "1-0"]
[WhiteElo "2885"]
[BlackElo "2441"]
[TimeControl "180+1"]
[EndTime "8:37:37 PDT"]
[Termination "Kacparov won by checkmate"]

1. e4 c6 2. d4 d5 3. e5 Bf5 4.
Nf3 e6 5. Be2 c5 6. Be3 cxd4 7.
Nxd4 Ne7 8. O-O Nec6 9. Nxf5 exf5 10. f4 d4 11. Bf2 Bc5 12. Nd2 a5 13. Nf3 O-O 14.
Qd3 Qc8 15. Rfd1 Rd8 16. Qc4 Na6 17. c3 d3 18. Bxd3 Bxf2+ 19. Kxf2 Qc7 20. Kf1 Rac8 21.
Bxf5 Rxd1+ 22. Rxd1 Rd8 23. Rxd8+ Qxd8 24. Qd3 Qb6 25.
Bxh7+ Kh8 26. Ng5 Qc7 27. Qh3 Nc5 28. Bc2+ Kg8 29. Qh7+ Kf8 30. Qh8+ Ke7 31. Qxg7 Nd8 32. Qf6+ Ke8 33. h4 Nce6 34. Bb3 Qb6 35. Nxe6 Nxe6 36.
f5 Qb5+ 37. c4 Qd7 38. fxe6 Qd3+ 39. Kg1 Qd4+ 40. Qf2 Qxe5 41. Qxf7+ Kd8 42. Qd7# 1-0

[Event "Early-Titled-Tuesday-Blitz-March-26-2024"]
[Site "Chess.com"]
[Date "2024.03.26"]
[Round "4"]
[White "AlexanderKing"]
[Black "stasOR4ik"]
[Result "0-1"]
[WhiteElo "2647"]
[BlackElo "2445"]
[TimeControl "180+1"]
[EndTime "8:37:37 PDT"]
[Termination "stasOR4ik won by resignation"]

1. c4 c6 2. Nf3 d5 3. d4 Nf6 4. e3 e6 5. b3 Ne4 6. Bd3 Bb4+ 7. Nbd2 f5 8. O-O O-O 9. a3 Bd6 10. Bb2 Nd7 11. Ne5 Nxe5 12. dxe5 Bc5 13. Nf3 a5 14.
Qe2 Qe7 15. Nd4 Bd7 16. Qc2 Bb6 17. f3 Ng5 18. Kh1 f4 19. Bc1 fxe3 20. Bxe3 h6 21. Nxc6 Bxc6 22. Bxb6 dxc4 23. Bxc4 Nxf3 24. gxf3 Rxf3 25.
Rxf3 Bxf3+ 26. Kg1 Qg5+ 27. Kf1 Rf8 28. Bf2 Bg2+ 29.
Kg1 Be4+ 0-1

[Event "Early-Titled-Tuesday-Blitz-March-26-2024"]
[Site "Chess.com"]
[Date "2024.03.26"]
[Round "4"]
[White "DrVelja"]
[Black "Bilan_Danila"]
[Result "1-0"]
[WhiteElo "3009"]
[BlackElo "2656"]
[TimeControl "180+1"]
[EndTime "8:37:38 PDT"]
[Termination "DrVelja won on time"]

1. e4 c6 2. Nc3 d5 3. Nf3 Nf6 4. e5 Ne4 5. Ne2 Bg4 6. d3 Nc5 7. Ng3 e6 8. h3 Bxf3 9. Qxf3 Ncd7 10. Qe3 c5 11. f4 g6 12. Be2 Nc6 13. O-O c4 14. c3 cxd3 15. Qxd3 Be7 16. Bf3 O-O 17. Ne2 Rc8 18. Be3 Bc5 19. Kh1 Bxe3 20. Qxe3 Qb6 21. Qd2 Rfd8 22. Rad1 Nc5 23. Ng3 d4 24.
c4 d3 25. f5 Nxe5 26. f6 Kh8 27. Qh6 Rg8 28. Be4 Nxe4 29. Nxe4 Rcf8 30. Ng5 1-0

[Event "Early-Titled-Tuesday-Blitz-March-26-2024"]
[Site "Chess.com"]
[Date "2024.03.26"]
[Round "4"]
[White "dodorox"]
[Black "GMJustin"]
[Result "1-0"]
[WhiteElo "2119"]
[BlackElo "2340"]
[TimeControl "180+1"]
[EndTime "8:37:38 PDT"]
[Termination "dodorox won on time"]

1. d4 Nf6 2. c4 e6 3. Nc3 Bb4 4.
Bd2 Nc6 5. e3 d5 6. Nf3 O-O 7.
Rc1 Bxc3 8. Bxc3 Ne4 9. Bd3 Nxc3 10. Rxc3 dxc4 11. Bxc4 Qd6 12. O-O Bd7 13. e4 Rad8 14.
Qd2 e5 15. d5 Ne7 16. Qg5 f6 17. Qe3 a6 18. Rfc1 Ng6 19. Bb3 Rc8 20. g3 Kh8 21. Qc5 Qxc5 22. Rxc5 c6 23. Ba4 Rfd8 24. dxc6 Bxc6 25.
Bxc6 Rxc6 26. Rxc6 bxc6 27. Rxc6 a5 28. Ra6 h5 29. Rxa5 h4 30. Nxh4 Nxh4 31. gxh4 Rd4 32. Rb5 Rxe4 33. b4 1-0

[Event "Early-Titled-Tuesday-Blitz-March-26-2024"]
[Site "Chess.com"]
[Date "2024.03.26"]
[Round "4"]
[White "MikeWizard"]
[Black "Viktor_Poddubnyi"]
[Result "0-1"]
[WhiteElo "2096"]
[BlackElo "2333"]
[TimeControl "180+1"]
[EndTime "8:37:38 PDT"]
[Termination "Viktor_Poddubnyi won by resignation"]

1. d4 g6 2. c4 Bg7 3. Nc3 c5 4. d5 f5 5. g3 d6 6. Bg2 Bxc3+ 7. bxc3 Qa5 8. Qb3 Nf6 9. Nh3 Nbd7 10. O-O Nb6 11. Bg5 Qa6 12. Bxf6 exf6 13. Rfe1 Qxc4 14.
e4 Kf7 15. exf5 Bxf5 16. Nf4 Qxb3 17. axb3 a6 18. Re3 Rhe8 19. Rae1 Rxe3 20. Rxe3 Re8 21. Rxe8 Kxe8 22. Kf1 a5 23. Ke2 Bc2 24. Ne6 Bxb3 25. Nc7+ Kd7 26. Ne6 Bxd5 27. Bxd5 Nxd5 28. Nf8+ Ke7 29. Nxh7 Kf7 30. Kd3 Kg7 31. Kc4 Nc7 32. Ng5 fxg5 33. f4 b5+ 34. Kb3 gxf4 35. gxf4 Kf6 36.
h4 Kf5 37. h5 gxh5 0-1

[Event "Early-Titled-Tuesday-Blitz-March-26-2024"]
[Site "Chess.com"]
[Date "2024.03.26"]
[Round "4"]
[White "Mops_2004"]
[Black "jefferyx"]
[Result "0-1"]
[WhiteElo "2818"]
[BlackElo "3102"]
[TimeControl "180+1"]
[EndTime "8:37:39 PDT"]
[Termination "jefferyx won by resignation"]

1. Nf3 c5 2. g3 Nc6 3. Bg2 g6 4. c4 Bg7 5. Nc3 d6 6. a3 Qd7 7. Rb1 b6 8. h4 Bb7 9. O-O Bxc3 10. bxc3 f5 11. d4 Nf6 12. d5 Na5 13. Ng5 Ba6 14. Re1 Bxc4 15. Ne6 Nb7 16. Ng7+ Kf7 17. Ne6 Nd8 18.
Ng5+ Kg8 19. e4 h6 20. e5 dxe5 21. Nf3 e4 22. Ne5 Qxd5 23. Nxc4 Qxc4 24. a4 Nf7 25. a5 Rd8 26. Qc2 Qe6 27. axb6 axb6 28. Bf4 g5 29.
Bc7 Rc8 30. Bxb6 gxh4 31. gxh4 Ne5 32. Qd2 Nc4 33. Qa2 Kf7 34. Qa7 Rhg8 35. Kf1 Nd2+ 36.
Ke2 Nxb1 0-1

[Event "Early-Titled-Tuesday-Blitz-March-26-2024"]
[Site "Chess.com"]
[Date "2024.03.26"]
[Round "4"]
[White "SharapovEvgeny"]
[Black "C_K_G"]
[Result "1-0"]
[WhiteElo "2567"]
[BlackElo "2242"]
[TimeControl "180+1"]
[EndTime "8:37:39 PDT"]
[Termination "SharapovEvgeny won on time"]

1. e4 c5 2. Nf3 d6 3. d4 cxd4 4. Nxd4 Nf6 5. f3 a6 6. c4 e6 7. Nc3 Be7 8. Be3 O-O 9. Be2 Qc7 10. O-O b6 11. Rc1 Bb7 12. Qd2 Nbd7 13. Rfd1 Rfe8 14. Bf1 Rac8 15. Qf2 Qb8 16. Kh1 Ne5 17. Na4 Nfd7 18. b4 Bf6 19. Nb3 Bc6 20. Nxb6 Nxb6 21. Bxb6 Ba4 22. c5 dxc5 23. bxc5 Nd7 24. Bxa6 Nxb6 25.
cxb6 Rxc1 26. Rxc1 Bxb3 27. axb3 g6 28. b7 Qd6 29.
Rc8 Rd8 30. Qf1 Be5 31. b8=Q Qxb8 32. Rxb8 Bxb8 33. g3 h5 34. b4 Rd2 35. Be2 Rb2 36.
b5 h4 37. gxh4 Kg7 38. Qa1 Be5 39. Qd1 Ra2 40. Qd3 Rb2 41. f4 Bf6 42. e5 Bxh4 43.
Kg2 Be7 44. Kf1 Bc5 45. h4 Rb1+ 46. Qxb1 1-0

[Event "Early-Titled-Tuesday-Blitz-March-26-2024"]
[Site "Chess.com"]
[Date "2024.03.26"]
[Round "4"]
[White "ActorXu"]
[Black "Oleksandr_Bortnyk"]
[Result "0-1"]
[WhiteElo "2853"]
[BlackElo "3086"]
[TimeControl "180+1"]
[EndTime "8:37:40 PDT"]
[Termination "Oleksandr_Bortnyk won by resignation"]

1. e4 Nf6 2. e5 Nd5 3. d4 d6 4.
exd6 exd6 5. Nf3 Be7 6. c3 O-O 7. Bd3 c5 8. O-O Nc6 9. h3 cxd4 10. Nxd4 Nxd4 11. cxd4 Nb4 12. Be2 Bf5 13. Na3 d5 14. Bf4 Qa5 15. Qb3 Rac8 16. Rac1 a6 17. Rxc8 Rxc8 18.
Bd2 Qb6 19. Bc3 Be4 20. Re1 h6 21. Bf1 Bd6 22. Kh1 a5 23. Nb5 Bf8 24. Qa4 Bc2 25.
b3 Nd3 26. Re2 Bb1 27. Qxa5 Qf6 28. Kg1 Nf4 29. Re1 Qg6 30. g3 Bd3 31. Bd2 Bxf1 32.
Bxf4 Bxh3 33. Nd6 Bxd6 0-1

[Event "Early-Titled-Tuesday-Blitz-March-26-2024"]
[Site "Chess.com"]
[Date "2024.03.26"]
[Round "4"]
[White "frederiksvane"]
[Black "js20000"]
[Result "1/2-1/2"]
[WhiteElo "2981"]
[BlackElo "2805"]
[TimeControl "180+1"]
[EndTime "8:37:42 PDT"]
[Termination "Game drawn by agreement"]

1. e4 c6 2. d4 d5 3. exd5 cxd5 4. Nf3 Nc6 5. c3 Bg4 6. h3 Bh5 7. Qb3 Qd7 8. Ne5 Nxe5 9. dxe5 a6 10. c4 dxc4 11.
Bxc4 e6 12. O-O Bc5 13. Nc3 Ne7 14. Ne4 Rc8 15. g4 Bg6 16. Nxc5 Rxc5 17. Be3 Rxc4 18. Qxc4 Bd3 19. Qb3 Bxf1 20. Kxf1 O-O 21. Bc5 Rc8 22. Bxe7 Qxe7 23. Rd1 h6 24. Qb6 Kh7 25. Qd6 Qxd6 26. Rxd6 Rc7 27. Kg2 g5 28. a4 Rc4 29. Rd7 Kg6 30.
Rxb7 Rxa4 31. Kg3 Re4 32. Ra7 Rb4 33. Rxa6 Rxb2 1/2-1/2

[Event "Early-Titled-Tuesday-Blitz-March-26-2024"]
[Site "Chess.com"]
[Date "2024.03.26"]
[Round "4"]
[White "kyuotbi"]
[Black "Lucky_Puncher"]
[Result "0-1"]
[WhiteElo "2294"]
[BlackElo "2478"]
[TimeControl "180+1"]
[EndTime "8:37:42 PDT"]
[Termination "Lucky_Puncher won on time"]

1. e4 c5 2. Nf3 d6 3. d4 cxd4 4. Nxd4 Nf6 5. Nc3 a6 6. Bg5 e6 7. Qf3 h6 8. Bd2 Be7 9. Bd3 Nbd7 10. Qe2 Qc7 11. O-O b5 12. a3 Bb7 13. Rae1 O-O 14.
Kh1 Ne5 15. f4 Nc4 16. Bxc4 bxc4 17. e5 Nd7 18. Nf3 Rae8 19. Qf2 f6 20. Qg3 Bxf3 21. Rxf3 Kh8 22. exf6 Bxf6 23. f5 Ne5 24. Rff1 exf5 25. Nd5 Qb7 26. Nxf6 Rxf6 27. Bc3 Qf7 28. Rf4 Rg6 0-1